TOP OF THE 1ST |
University of South Carolina Gamecocks batting - Pitching for Stanford University Cardinal : RHP Juvas Tanuja
|
Pitching: RHP Juvas Tanuja
|
|
Batting: RHB Justin Kurutz
|
0-0: Ball 1-0: DOUBLE (Flyball, 89XD, EV 100.6 MPH)
|
Batting: LHB Bert Webster
|
0-0: Swinging Strike 0-1: Ball 1-1: Fly out, F9 (Flyball, 9, EV 92.5 MPH)
|
Batting: SHB Keith Mihas
|
0-0: Ball 1-0: Fly out, F8 (Flyball, 8LXD, EV 90.0 MPH) Runner from 2nd tags up, SAFE at 3rd, no throw by CF
|
Batting: LHB Chris McNay
|
0-0: Called Strike 0-1: Swinging Strike 0-2: SINGLE (Flyball, 9LS, EV 100.0 MPH) Justin Kurutz scores
|
Batting: RHB Brian Passalacqua
|
0-0: SINGLE (Line Drive, 7S, EV 100.6 MPH) Chris McNay to second
|
Batting: RHB Phil Hanley
|
0-0: Called Strike 0-1: Ball 1-1: Ball 2-1: Fly out, F9 (Flyball, 9, EV 89.4 MPH)
|
Top of the 1st over - 1 run, 3 hits, 0 errors, 2 left on base; University of South Carolina 1 - Stanford University 0 |
BOTTOM OF THE 1ST |
Stanford University Cardinal batting - Pitching for University of South Carolina Gamecocks : RHP Sammy Armstrong
|
Pitching: RHP Sammy Armstrong
|
|
Batting: RHB Brian Spry
|
0-0: Ball 1-0: Foul Ball, location: 2F 1-1: Swinging Strike 1-2: Ball 2-2: SINGLE (Groundball, 56D, EV 98.8 MPH)
|
Batting: RHB Joe Gabriel
|
0-0: Called Strike 0-1: Ball 1-1: Ball Wild Pitch! Brian Spry to second 2-1: Ball 3-1: Foul Ball, location: 2F 3-2: DOUBLE (Line Drive, 78D, EV 110.6 MPH) Brian Spry scores
|
Batting: LHB Jason Duda
|
0-0: Called Strike 0-1: Ball 1-1: Ball 2-1: Ball 3-1: Base on Balls
|
Batting: LHB Danny Roberts
|
0-0: Ball 1-0: Fly out, F6 (Popup, 6M, EV 55.0 MPH)
|
Batting: RHB Nick Maxwell
|
0-0: Called Strike 0-1: SINGLE (Groundball, 6MS, EV 68.8 MPH) (infield hit) Joe Gabriel to third Jason Duda to second
|
Batting: LHB Chien Sam
|
0-0: Ball 1-0: Ball 2-0: SINGLE (Line Drive, 4D, EV 95.6 MPH) Joe Gabriel scores Jason Duda to third Nick Maxwell to second
|
Batting: RHB John Van der Linden
|
0-0: Ball 1-0: Called Strike 1-1: Grounds into double play, 3-6-3 (Groundball, 34, EV 80.6 MPH)
|
Bottom of the 1st over - 2 runs, 4 hits, 0 errors, 2 left on base; University of South Carolina 1 - Stanford University 2 |
TOP OF THE 2ND |
University of South Carolina Gamecocks batting - Pitching for Stanford University Cardinal : RHP Juvas Tanuja
|
Batting: RHB Jeff Swanson
|
0-0: Ball 1-0: Ground out 5-3 (Groundball, 56S, EV 85.0 MPH)
|
Batting: RHB Ben Turner
|
0-0: Called Strike 0-1: Ball 1-1: Swinging Strike 1-2: Foul Ball, location: 2F 1-2: Ball 2-2: Fly out, F7 (Flyball, 78D, EV 100.0 MPH)
|
Batting: RHB Keith Lynch
|
0-0: Fly out, F5 (Line Drive, 5L, EV 73.1 MPH)
|
Top of the 2nd over - 0 runs, 0 hits, 0 errors, 0 left on base; University of South Carolina 1 - Stanford University 2 |
BOTTOM OF THE 2ND |
Stanford University Cardinal batting - Pitching for University of South Carolina Gamecocks : RHP Sammy Armstrong
|
Batting: RHB Teh-huai Jiang
|
0-0: Ball 1-0: Ball 2-0: Foul Ball, location: 2F 2-1: Ball 3-1: Swinging Strike 3-2: Strikes out looking
|
Batting: RHB Josh Benefield
|
0-0: Ball 1-0: Ball 2-0: Called Strike 2-1: Fly out, F7 (Flyball, 7LD, EV 81.2 MPH)
|
Batting: RHB Brian Spry
|
0-0: Ball 1-0: Fly out, F6 (Popup, 5D, EV 50.0 MPH)
|
Bottom of the 2nd over - 0 runs, 0 hits, 0 errors, 0 left on base; University of South Carolina 1 - Stanford University 2 |
TOP OF THE 3RD |
University of South Carolina Gamecocks batting - Pitching for Stanford University Cardinal : RHP Juvas Tanuja
|
Batting: RHB Justin Kurutz
|
0-0: Called Strike 0-1: Foul Ball, location: 2F 0-2: Ball 1-2: Ball 2-2: Ball 3-2: Strikes out swinging
|
Batting: LHB Bert Webster
|
0-0: Called Strike 0-1: Ball 1-1: Called Strike 1-2: Fly out, F9 (Flyball, 9, EV 94.4 MPH)
|
Batting: SHB Keith Mihas
|
0-0: Called Strike 0-1: Ball 1-1: Foul Ball, location: 2F 1-2: Foul Ball, location: 2F 1-2: Foul Ball, location: 2F 1-2: Ball 2-2: Ball 3-2: Ground out U3 (Groundball, 3, EV 84.4 MPH)
|
Top of the 3rd over - 0 runs, 0 hits, 0 errors, 0 left on base; University of South Carolina 1 - Stanford University 2 |
BOTTOM OF THE 3RD |
Stanford University Cardinal batting - Pitching for University of South Carolina Gamecocks : RHP Sammy Armstrong
|
Batting: RHB Joe Gabriel
|
0-0: Ball 1-0: Called Strike 1-1: Ball 2-1: SINGLE (Groundball, 4D, EV 96.9 MPH)
|
Batting: LHB Jason Duda
|
0-0: Called Strike 0-1: Ball 1-1: Swinging Strike 1-2: Fly out, F9 (Line Drive, 89D, EV 88.1 MPH)
|
Batting: LHB Danny Roberts
|
0-0: Called Strike 0-1: Foul Ball, location: 2F 0-2: Ball 1-2: Ball 2-2: Strikes out swinging
|
Batting: RHB Nick Maxwell
|
0-0: Fly out, F7 (Flyball, 78D, EV 96.9 MPH)
|
Bottom of the 3rd over - 0 runs, 1 hit, 0 errors, 1 left on base; University of South Carolina 1 - Stanford University 2 |
TOP OF THE 4TH |
University of South Carolina Gamecocks batting - Pitching for Stanford University Cardinal : RHP Juvas Tanuja
|
Batting: LHB Chris McNay
|
0-0: Swinging Strike 0-1: Called Strike 0-2: Foul Ball, location: 2F 0-2: Strikes out looking
|
Batting: RHB Brian Passalacqua
|
0-0: SINGLE (Line Drive, 8LS, EV 88.8 MPH)
|
Batting: RHB Phil Hanley
|
0-0: Grounds into double play, 6-4-3 (Groundball, 6, EV 84.4 MPH)
|
Top of the 4th over - 0 runs, 1 hit, 0 errors, 0 left on base; University of South Carolina 1 - Stanford University 2 |
BOTTOM OF THE 4TH |
Stanford University Cardinal batting - Pitching for University of South Carolina Gamecocks : RHP Sammy Armstrong
|
Batting: LHB Chien Sam
|
0-0: Called Strike 0-1: Ball 1-1: Ball 2-1: Fly out, F3 (Popup, 3SF, EV 82.5 MPH)
|
Batting: RHB John Van der Linden
|
0-0: Called Strike 0-1: Ball 1-1: Fly out, F9 (Flyball, 9D, EV 106.9 MPH)
|
Batting: RHB Teh-huai Jiang
|
0-0: Ground out 4-3 (Groundball, 34, EV 88.8 MPH)
|
Bottom of the 4th over - 0 runs, 0 hits, 0 errors, 0 left on base; University of South Carolina 1 - Stanford University 2 |
TOP OF THE 5TH |
University of South Carolina Gamecocks batting - Pitching for Stanford University Cardinal : RHP Juvas Tanuja
|
Batting: RHB Jeff Swanson
|
0-0: Called Strike 0-1: Ball 1-1: Ball 2-1: Swinging Strike 2-2: Ball 3-2: Base on Balls
|
Batting: RHB Ben Turner
|
0-0: Ball 1-0: Fielders Choice at 2nd, 4-6 (Groundball, 4, EV 77.5 MPH)
|
Batting: RHB Keith Lynch
|
0-0: Called Strike 0-1: Ball 1-1: Ball 2-1: Ball 3-1: Base on Balls Ben Turner to second
|
Batting: RHB Justin Kurutz
|
0-0: SINGLE (Line Drive, 34D, EV 98.1 MPH) Ben Turner to third Keith Lynch to second Runner from 3rd tries for Home, SAFE, throw by RF to home
|
Batting: LHB Bert Webster
|
0-0: Fly out, F8 (Line Drive, 8LM, EV 94.4 MPH)
|
Batting: SHB Keith Mihas
|
0-0: Ball 1-0: SINGLE (Line Drive, 8RS, EV 106.2 MPH) Keith Lynch to third Justin Kurutz to second Runner from 3rd tries for Home, SAFE, throw by CF to home
|
Batting: LHB Chris McNay
|
0-0: Ball 1-0: Ball 2-0: Called Strike 2-1: Called Strike 2-2: Fly out, F8 (Flyball, 8LXD, EV 98.1 MPH)
|
Top of the 5th over - 2 runs, 2 hits, 0 errors, 2 left on base; University of South Carolina 3 - Stanford University 2 |
BOTTOM OF THE 5TH |
Stanford University Cardinal batting - Pitching for University of South Carolina Gamecocks : RHP Sammy Armstrong
|
Batting: RHB Josh Benefield
|
0-0: Called Strike 0-1: Swinging Strike 0-2: Fly out, F7 (Flyball, 78M, EV 83.8 MPH)
|
Batting: RHB Brian Spry
|
0-0: Ball 1-0: DOUBLE (Flyball, 8LXD, EV 111.2 MPH)
|
Batting: RHB Joe Gabriel
|
0-0: Foul Ball, location: 2F 0-1: Called Strike 0-2: Ball 1-2: DOUBLE (Line Drive, 9LS, EV 95.0 MPH) Brian Spry scores
|
Batting: LHB Jason Duda
|
0-0: Called Strike 0-1: Foul Ball, location: 2F 0-2: Fly out, F8 (Flyball, 89M, EV 93.1 MPH)
|
Batting: LHB Danny Roberts
|
0-0: Swinging Strike 0-1: Ball 1-1: Ball 2-1: Ball 3-1: Swinging Strike 3-2: Foul Ball, location: 2F 3-2: Foul Ball, location: 2F 3-2: Foul Ball, location: 2F 3-2: Base on Balls
|
Pitching: RHP Scott Arthur
|
|
Batting: RHB Nick Maxwell
|
0-0: Called Strike 0-1: Ball 1-1: Fielders Choice at 2nd, U4 (Groundball, 4M, EV 106.9 MPH)
|
Bottom of the 5th over - 1 run, 2 hits, 0 errors, 2 left on base; University of South Carolina 3 - Stanford University 3 |
TOP OF THE 6TH |
University of South Carolina Gamecocks batting - Pitching for Stanford University Cardinal : RHP Juvas Tanuja
|
Batting: RHB Brian Passalacqua
|
0-0: Fly out, F9 (Flyball, 9D, EV 76.9 MPH)
|
Batting: RHB Phil Hanley
|
0-0: Ball 1-0: Swinging Strike 1-1: Swinging Strike 1-2: Ground out 6-3 (Groundball, 6, EV 99.4 MPH)
|
Batting: RHB Jeff Swanson
|
0-0: Ground out 4-3 (Groundball, 4, EV 80.6 MPH)
|
Top of the 6th over - 0 runs, 0 hits, 0 errors, 0 left on base; University of South Carolina 3 - Stanford University 3 |
BOTTOM OF THE 6TH |
Stanford University Cardinal batting - Pitching for University of South Carolina Gamecocks : RHP Scott Arthur
|
Batting: LHB Chien Sam
|
0-0: Ball 1-0: Ball 2-0: Foul Ball, location: 2F 2-1: Foul Ball, location: 2F 2-2: Ball 3-2: Base on Balls
|
Batting: RHB John Van der Linden
|
0-0: Ball Passed Ball! Chien Sam to second 1-0: Called Strike 1-1: Called Strike 1-2: Ball 2-2: SINGLE (Groundball, 4MD, EV 103.1 MPH) Chien Sam to third Runner from 3rd tries for Home, SAFE, throw by CF to home
|
Batting: RHB Teh-huai Jiang
|
0-0: Called Strike 0-1: Grounds into double play, 6-4-3 (Groundball, 6, EV 86.9 MPH)
|
Batting: RHB Josh Benefield
|
0-0: Fly out, F8 (Line Drive, 8LM, EV 103.8 MPH)
|
Bottom of the 6th over - 1 run, 1 hit, 0 errors, 0 left on base; University of South Carolina 3 - Stanford University 4 |
TOP OF THE 7TH |
University of South Carolina Gamecocks batting - Pitching for Stanford University Cardinal : RHP Juvas Tanuja
|
Batting: RHB Ben Turner
|
0-0: Ball 1-0: Swinging Strike 1-1: Foul Ball, location: 2F 1-2: Ball 2-2: Ball 3-2: Base on Balls
|
Pitching: RHP Cam Hurley
|
|
Pinch Hitting: LHB David Fowler
|
0-0: Foul Ball, location: 2F 0-1: Ball 1-1: Swinging Strike 1-2: Strikes out swinging
|
Batting: RHB Justin Kurutz
|
0-0: Called Strike 0-1: Ball 1-1: Ball 2-1: Grounds into double play, 6-4-3 (Groundball, 6, EV 97.5 MPH)
|
Top of the 7th over - 0 runs, 0 hits, 0 errors, 0 left on base; University of South Carolina 3 - Stanford University 4 |
BOTTOM OF THE 7TH |
Stanford University Cardinal batting - Pitching for University of South Carolina Gamecocks : RHP Scott Arthur
|
Now in RF: David Fowler
|
|
Batting: RHB Brian Spry
|
0-0: Ball 1-0: Called Strike 1-1: Ball 2-1: Swinging Strike 2-2: Strikes out swinging
|
Batting: RHB Joe Gabriel
|
0-0: Called Strike 0-1: Ball 1-1: Fly out, F6 (Line Drive, 56, EV 68.8 MPH)
|
Batting: LHB Jason Duda
|
0-0: Ball 1-0: Ball 2-0: SINGLE (Line Drive, 34D, EV 98.8 MPH)
|
Pitching: RHP Bob Conway
|
|
Batting: LHB Danny Roberts
|
0-0: Called Strike 0-1: Ball 1-1: Ball 2-1: Foul Ball, location: 2F 2-2: Ball 3-2: Strikes out looking
|
Bottom of the 7th over - 0 runs, 1 hit, 0 errors, 1 left on base; University of South Carolina 3 - Stanford University 4 |
TOP OF THE 8TH |
University of South Carolina Gamecocks batting - Pitching for Stanford University Cardinal : RHP Cam Hurley
|
Now in LF: Bryan Davidson
|
|
Batting: LHB Bert Webster
|
0-0: Called Strike 0-1: Fly out, F8 (Line Drive, 8LD, EV 100.0 MPH)
|
Batting: SHB Keith Mihas
|
0-0: Foul Ball, location: 2F 0-1: SINGLE (Flyball, 78S, EV 93.1 MPH)
|
Pitching: LHP Carlton Hookway
|
|
Batting: LHB Chris McNay
|
0-0: Ball 1-0: Ball 2-0: Ball 3-0: Base on Balls Keith Mihas to second
|
Batting: RHB Brian Passalacqua
|
0-0: Ball 1-0: Swinging Strike 1-1: Ball 2-1: Swinging Strike 2-2: Grounds into double play, U5-3 (Groundball, 5L, EV 83.8 MPH)
|
Top of the 8th over - 0 runs, 1 hit, 0 errors, 1 left on base; University of South Carolina 3 - Stanford University 4 |
BOTTOM OF THE 8TH |
Stanford University Cardinal batting - Pitching for University of South Carolina Gamecocks : RHP Bob Conway
|
Batting: RHB Nick Maxwell
|
0-0: Swinging Strike 0-1: Foul Ball, location: 2F 0-2: Ball 1-2: Fly out, F8 (Flyball, 8LXD, EV 106.2 MPH)
|
Batting: LHB Chien Sam
|
0-0: Swinging Strike 0-1: Ball 1-1: Ball 2-1: SINGLE (Line Drive, 56, EV 97.5 MPH)
|
Batting: RHB John Van der Linden
|
0-0: Ball 1-0: Reached on error, E6 (Groundball, 6S, EV 65.0 MPH) Chien Sam to third
|
Batting: RHB Teh-huai Jiang
|
0-0: Intentional Walk
|
Batting: RHB Josh Benefield
|
0-0: Fly out, F7 (Line Drive, 7, EV 86.2 MPH) Runner from 3rd tags up, SCORES, throw by LF
|
Batting: RHB Brian Spry
|
0-0: Ball 1-0: Foul Ball, location: 2F 1-1: Ball 2-1: Ball 3-1: Foul Ball, location: 2F 3-2: Strikes out swinging
|
Bottom of the 8th over - 1 run, 1 hit, 1 error, 2 left on base; University of South Carolina 3 - Stanford University 5 |
TOP OF THE 9TH |
University of South Carolina Gamecocks batting - Pitching for Stanford University Cardinal : LHP Carlton Hookway
|
Pitching: LHP Larry Steen
|
|
Batting: RHB Phil Hanley
|
0-0: Ball 1-0: Ground out U3 (Groundball, 13, EV 78.8 MPH)
|
Batting: RHB Jeff Swanson
|
0-0: Ball 1-0: SINGLE (Groundball, 5L, EV 107.5 MPH)
|
Batting: RHB Ben Turner
|
0-0: Ball 1-0: DOUBLE (Groundball, 5L, EV 106.2 MPH) Jeff Swanson to third
|
Batting: LHB David Fowler
|
0-0: Called Strike 0-1: Ball 1-1: Ball 2-1: Swinging Strike 2-2: Ball 3-2: Fly out, F6 (Popup, 6MS, EV 78.1 MPH)
|
Batting: RHB Justin Kurutz
|
0-0: Called Strike 0-1: Ball 1-1: SINGLE (Groundball, 6M, EV 101.2 MPH) Jeff Swanson scores Ben Turner to third Runner from 3rd tries for Home, SAFE, throw by CF to home Justin Kurutz to second
|
Batting: LHB Bert Webster
|
0-0: Ground out 6-3 (Groundball, 6, EV 86.9 MPH)
|
Top of the 9th over - 2 runs, 3 hits, 0 errors, 1 left on base; University of South Carolina 5 - Stanford University 5 |
BOTTOM OF THE 9TH |
Stanford University Cardinal batting - Pitching for University of South Carolina Gamecocks : RHP Bob Conway
|
Pitching: RHP Jop van Grootveld
|
|
Batting: RHB Joe Gabriel
|
0-0: Ball 1-0: Called Strike 1-1: Ground out 4-3 (Groundball, 4, EV 103.1 MPH)
|
Batting: LHB Jason Duda
|
0-0: Called Strike 0-1: Ball 1-1: Ball 2-1: Swinging Strike 2-2: Ball 3-2: Base on Balls
|
Batting: LHB Bryan Davidson
|
0-0: Swinging Strike 0-1: Swinging Strike 0-2: Ball 1-2: Strikes out swinging
|
Batting: RHB Nick Maxwell
|
0-0: Foul Ball, location: 2F 0-1: Ball 1-1: Foul Ball, location: 2F 1-2: Foul Ball, location: 2F 1-2: Fly out, F8 (Line Drive, 78S, EV 91.9 MPH)
|
Bottom of the 9th over - 0 runs, 0 hits, 0 errors, 1 left on base; University of South Carolina 5 - Stanford University 5 |
TOP OF THE 10TH |
University of South Carolina Gamecocks batting - Pitching for Stanford University Cardinal : LHP Larry Steen
|
Pitching: LHP Joe Alverson
|
|
Batting: SHB Keith Mihas
|
0-0: Ball 1-0: Called Strike 1-1: SINGLE (Line Drive, 78S, EV 97.5 MPH)
|
Batting: LHB Chris McNay
|
0-0: Ball 1-0: Ball 2-0: Called Strike 2-1: Swinging Strike 2-2: DOUBLE (Line Drive, 89M, EV 112.5 MPH) Keith Mihas to third
|
Batting: RHB Brian Passalacqua
|
0-0: Intentional Walk
|
Batting: RHB Phil Hanley
|
0-0: Foul Ball, location: 2F 0-1: Ball 1-1: Foul Ball, location: 2F 1-2: Ball 2-2: Ball 3-2: Base on Balls Keith Mihas scores Chris McNay to third Brian Passalacqua to second
|
Batting: RHB Jeff Swanson
|
0-0: Ball 1-0: Ball 2-0: Ball 3-0: Called Strike 3-1: Fly out, F7 (Flyball, 78S, EV 96.9 MPH)
|
Batting: RHB Ben Turner
|
0-0: Ball 1-0: Ball Wild Pitch! Chris McNay scores Brian Passalacqua to third Phil Hanley to second 2-0: Intentional Walk
|
Batting: LHB David Fowler
|
0-0: Ball 1-0: Grounds into double play, 6-2-3 (Groundball, 6, EV 77.5 MPH)
|
Top of the 10th over - 2 runs, 2 hits, 0 errors, 2 left on base; University of South Carolina 7 - Stanford University 5 |
BOTTOM OF THE 10TH |
Stanford University Cardinal batting - Pitching for University of South Carolina Gamecocks : RHP Jop van Grootveld
|
Pitching: RHP Nelson Knopp
|
|
Now at 2B: Danny Narvaez
|
|
Now in LF: Jörg Young
|
|
Batting: LHB Chien Sam
|
0-0: Called Strike 0-1: Ball 1-1: Ball 2-1: Swinging Strike 2-2: Ball 3-2: Foul Ball, location: 2F 3-2: Strikes out swinging
|
Batting: RHB John Van der Linden
|
0-0: Ball 1-0: Ball 2-0: Foul Ball, location: 2F 2-1: SINGLE (Groundball, 4MD, EV 98.8 MPH)
|
Batting: RHB Teh-huai Jiang
|
0-0: Swinging Strike 0-1: Ball 1-1: Fly out, F7 (Flyball, 7LD, EV 83.8 MPH)
|
Pinch Hitting: RHB Gary Preston
|
0-0: Called Strike 0-1: Fly out, F7 (Flyball, 7, EV 94.4 MPH)
|
Bottom of the 10th over - 0 runs, 1 hit, 0 errors, 1 left on base; University of South Carolina 7 - Stanford University 5 |
|